 Dungeon Crawl Stone Soup version 0.17-a0-2093-gc772f4b (webtiles) character file.

143 ololoev the Skirmisher (level 5, -8/42 HPs)
             Began as a Demonspawn Fighter on Oct 16, 2015.
             Mangled by an orc warrior
             ... wielding a +0 dire flail
              (15 damage)
             ... on level 5 of the Dungeon.
             The game lasted 00:02:26 (390 turns).

ololoev the Skirmisher (Demonspawn Fighter)          Turns: 390, Time: 00:02:26

Health: -8/42      AC: 11    Str: 23    XL:     5   Next: 4%
Magic:  5/5        EV:  5    Int:  9    God:
Gold:   9          SH:  9    Dex: 12    Spells: 0 memorised, 4 levels left

rFire  . . .     SeeInvis .     a - +0 war axe
rCold  . . .     Clarity  .     q - +0 chain mail
rNeg   . . .     SustAt   .     c - +0 shield
rPois  .         Gourm    .     (helmet restricted)
rElec  .         Spirit   .     (no cloak)
rCorr  .         Warding  .     (no gloves)
rMut   .         Stasis   .     (no boots)
MR     .....                    (no amulet)
Stlth  ..........               (no ring)
                                (no ring)

@: mighty, not resistant to hostile enchantments, extremely unstealthy
A: horns 1, yellow scales 1, demonic guardian 1, nightstalker 1
a: no special abilities


Innate Abilities, Weirdness & Mutations

You have a pair of small horns on your head.
You are partially covered in yellow scales (AC +2).
A weak demonic guardian rushes to your aid.
You are slightly more attuned to the shadows.

Inventory:

Hand Weapons
 a - a +0 war axe (weapon)
Missiles
 p - 3 curare-tipped needles
Armour
 c - a +0 shield (worn)
 q - a +0 chain mail (worn)
Wands
 s - a wand of fire (6)
Scrolls
 f - a scroll of blinking {unknown}
 g - a scroll of fog {unknown}
 j - a scroll of recharging {unknown}
 k - a scroll of magic mapping {unknown}
 n - a scroll of immolation {unknown}
 t - a scroll of amnesia {unknown}
 u - a scroll of remove curse {unknown}
Potions
 b - a potion of flight {unknown}
 d - a potion of might
 i - a potion of agility {unknown}
 o - 2 potions of curing {unknown}
 r - a potion of poison {unknown}
Books
 m - an Akashic Record

   Spells                             Type                      Level
   a - Dispersal                      Translocation                6
   b - Controlled Blink               Translocation                7
   c - Malign Gateway                 Summoning/Translocation      7
   d - Disjunction                    Translocation                8
Comestibles
 e - a bread ration
 h - 5 fruits
 l - a beef jerky


   Skills:
 + Level 3.8 Fighting
 * Level 3.6 Axes
 + Level 3.4 Armour
 - Level 2.6 Shields


You had 4 spell levels left.
You didn't know any spells.


You were on level 5 of the Dungeon.
You were not hungry.

You visited 1 branch of the dungeon, and saw 5 of its levels.

You collected 9 gold pieces.

. .. ... ./.#
....#
###########......
#<......o@.....$.
########5o.......
#.....!...
#......###
#......#
#.ยง....#
#..$...# #......#

Notes
Turn   | Place    | Note
--------------------------------------------------------------
     0 | D:1      | ololoev the Demonspawn Fighter began the quest for the Orb.
     0 | D:1      | Reached XP level 1. HP: 18/18 MP: 1/1
   119 | D:2      | Gained mutation: A weak demonic guardian rushes to your aid. [demonic ancestry]
   119 | D:2      | Reached XP level 2. HP: 18/24 MP: 2/2
   243 | D:4      | Gained mutation: You are partially covered in yellow scales (AC +2). [demonic ancestry]
   243 | D:4      | Reached XP level 3. HP: 15/29 MP: 3/3
   309 | D:5      | Entered Level 5 of the Dungeon
   384 | D:5      | Noticed an orc warrior
   384 | D:5      | Noticed an ogre
   390 | D:5      | Killed an ogre
   390 | D:5      | Gained mutation: You are slightly more attuned to the shadows. [demonic ancestry]
   390 | D:5      | Reached XP level 4. HP: 7/37 MP: 4/4
   390 | D:5      | Gained mutation: You have a pair of small horns on your head. [demonic ancestry]
   390 | D:5      | Reached XP level 5. HP: 7/42 MP: 5/5
   390 | D:5      | Mangled by an orc warrior

Dungeon Overview and Level Annotations

Branches:
Dungeon (5/15)
 Temple: D:4-7

Altars:


Message History

You feel very mighty all of a sudden.
Your quasit closely misses the orc.
Your quasit claws the orc.
Your quasit claws the orc.
The orc wizard gestures wildly while chanting.
The orc wizard blinks!
The orc warrior hits you with a dire flail!
The orc misses your quasit. You block the orc's attack.
You barely miss the orc warrior. You closely miss the orc.
The orc is severely wounded.
Your quasit bites the orc.
Your quasit claws the orc.
The orc dies!
Your quasit bites the ogre.
Your quasit claws the ogre.
Your quasit closely misses the ogre.
You block the orc warrior's attack.
Unknown command.
You slice the ogre!!
The ogre is almost dead.
You slash the orc warrior!
The orc warrior is moderately wounded.
Your quasit bites the ogre but does no damage.
Your quasit claws the ogre but does no damage.
Your quasit claws the ogre.
The ogre hits you but does no damage.
The orc warrior hits you with a dire flail!
Your quasit barely misses the ogre. x2
Your quasit claws the ogre.
The orc wizard casts a spell.
The orc wizard blinks!
Unknown command.
You slash the ogre!
You kill the ogre!
You have reached level 4!
You feel stronger.
Your demonic ancestry asserts itself...
You slip into the darkness of the dungeon.
You have reached level 5!
Your demonic ancestry asserts itself...
A pair of horns grows on your head!
Your chain mail prevents you from hitting the orc wizard.
Your shield and chain mail prevent you from hitting the orc warrior.
The orc warrior is moderately wounded.
The orc warrior hits you with a dire flail!
You die...

You could see an orc warrior, an orc wizard and a friendly quasit.

Vanquished Creatures
  An ogre (D:5)
  An orc priest (D:4)
  2 adders
  A giant gecko (D:3)
  3 orcs
  A giant cockroach (D:3)
  2 goblins (D:3)
  A hobgoblin (D:2)
  A quokka (D:3)
  A bat (D:1)
  3 kobolds
17 creatures vanquished.

Vanquished Creatures (collateral kills)
  An orc (D:5)
1 creature vanquished.

Grand Total: 18 creatures vanquished

Action                   |  1- 3 |  4- 6 || total
-------------------------+-------+-------++-------
Melee: War axe           |    54 |       ||    54
  Use: Potion            |     1 |       ||     1

Vault maps used:
D:1:      tarquinn_simple_flora_water_f, minmay_misc_feat_rugged
D:2:      lemuel_upstairs_altar, old_standard_altar, uniq_iyjb, uniq_sigmund
D:3:      lemuel_round_altar, uniq_robin
D:4:      grunt_temple_overflow_order_and_chaos_2,
          nicolae_qazlal_style_of_elements
D:5:      first_bread, okawaru_altar_gauntlet_db, uniq_duvessa
